 Dungeon Crawl Stone Soup version 0.26.1-11-gd32895ea62 (webtiles) character file.

Game seed: 10348662293319355411

421 bnorton916 the Digger (level 6, -14/32 HPs)
             Began as a Gargoyle Earth Elementalist on July 3, 2021.
             Blown up by Ijyb (25 damage)
             ... with a disintegration bolt
             ... on level 4 of the Dungeon.
             The game lasted 00:08:35 (4975 turns).

bnorton916 the Digger (Gargoyle Earth Elementalist) Turns: 4975, Time: 00:08:36

Health: -14/32     AC:  8    Str: 12    XL:     6   Next: 94%
Magic:  7/12       EV: 27    Int: 17    God:
Gold:   205        SH:  0    Dex: 10    Spells: 7/13 levels left

rFire    . . .     SeeInvis .   d - +0 whip
rCold    . . .     Faith    .   (no shield)
rNeg     + . .     Spirit   .   c - +0 robe
rPois    ∞         Reflect  .   s - +0 hat
rElec    +         Harm     .   (no cloak)
rCorr    .         Rampage  .   a - +1 pair of gloves
Will     .....                  (no boots)
Stlth    ++........             m - amulet of the acrobat
HPRegen  0.10/turn              (no ring)
MPRegen  0.13/turn              (no ring)

@: acrobat
A: negative energy resistance 1, electricity resistance, unbreathing,
petrification resistance, miasma immunity, AC +4
a: no special abilities


You were on level 4 of the Dungeon.
You visited 1 branch of the dungeon, and saw 4 of its levels.

You collected 205 gold pieces.

Inventory:

Hand Weapons
 d - a +0 whip (weapon)
Missiles
 b - 128 stones
Armour
 a - a +1 pair of gloves (worn)
 c - a +0 robe (worn)
 s - a +0 hat (worn)
Jewellery
 g - an uncursed amulet of reflection
 m - an amulet of the acrobat (around neck)
 p - a cursed amulet of regeneration {unknown}
Scrolls
 e - 4 scrolls of identify
 l - a scroll of fog
 o - a scroll of magic mapping
 q - a scroll of enchant weapon {unknown}
Potions
 f - a potion of lignification {unknown}
 h - 4 potions of curing
 i - a potion of brilliance
 j - a potion of attraction
 k - a potion of ambrosia
 n - a potion of resistance
 r - a potion of mutation {unknown}


   Skills:
 - Level 1.5 Dodging
 - Level 2.1 Stealth
 + Level 4.4 Spellcasting
 - Level 2.3 Transmutations
 + Level 6.4 Earth Magic


You had 7 spell levels left.
You knew the following spells:

 Your Spells              Type           Power        Failure   Level
a - Sandblast             Erth           50%          1%          1
b - Passwall              Tmut/Erth      15%          3%          2
c - Stone Arrow           Conj/Erth      28%          12%         3

Your spell library contained the following spells:

 Spells                   Type           Power        Failure   Level
 Petrify                  Tmut/Erth      18%          24%         4
 Lee's Rapid Deconstruct  Erth           12%          30%         5


Dungeon Overview and Level Annotations

Branches:
Dungeon (4/15)
 Temple: D:4-7

Altars:
Cheibriados
Uskayaw

Annotations:
D:4 Ijyb


Innate Abilities, Weirdness & Mutations

You are resistant to torment.
Your stone body is resilient. (AC +4)
You are immune to poison.
You resist negative energy. (rN+)
You are resistant to electric shocks. (rElec)
You can survive without breathing.
You are immune to petrification.
You are immune to miasma.


Message History

Ijyb zaps a wand.
You barely resist.
Casting: Sandblast (safe; 1% risk of failure)
Confirm with . or Enter, or press ? or * to list all spells.
The spell is quite dangerous to cast (12% risk of failure)!
Continue anyway? [Y]es or [N]o only, please.
The spell is quite dangerous to cast (12% risk of failure)!
Continue anyway?
Aiming: Stone Arrow (quite dangerous; 12% risk of failure)
Press: ? - help, Shift-Dir - straight line, f/p - Ijyb
Aim: Ijyb, wielding a +3 dagger of speed, wearing a +0 chain mail and carrying a wand of disintegration (8) (lightly wounded, 32% to evade)
The stone arrow hits Ijyb but does no damage.
Ijyb is lightly wounded.
Ijyb barely misses you. Ijyb hits you but does no damage.
Ijyb completely misses you.
Ijyb zaps a wand.
You are blasted!
Ijyb zaps a wand.
You barely resist.
Ijyb zaps a wand.
You barely resist.
Ijyb zaps a wand.
You are blasted!
Ijyb zaps a wand.
You are blasted!
Ouch! That really hurt!
You die...

......+..........##.#
g.....#.............#
..#####..........####
................######
....................<#
[........#####....####
.$.......# ##.....#
.........# #####.#.#
.........####...@.#.#
#.######...g..#####g#
#.# #.#######.g..# #.#
#.##...##.#### #.#
#g##g#.##.# ..#
#.##.#.##.#
########.##.#....#
............####.#
########.#### #.#


You could see Ijyb.

Vanquished Creatures
  A howler monkey (D:4)
  3 orc priests
  2 orc wizards
  Natasha (thrice) (D:2 D:3)
  A worker ant (D:4)
  4 adders
  2 oozes
  An adder skeleton (D:4)
  2 worms
  A dart slug (D:1)
  A leopard gecko (D:4)
  6 orcs
  5 giant cockroaches
  7 goblins
  7 hobgoblins
  5 jackals
  2 quokkas
  2 ball pythons
  5 bats
  4 frilled lizards
  12 kobolds
  7 rats
83 creatures vanquished.

Vanquished Creatures (others)
  5 plants (D:2)
5 creatures vanquished.

Grand Total: 88 creatures vanquished

Notes
Turn   | Place    | Note
-------+----------+-------------------------------------------
     0 | D:1      | bnorton916 the Gargoyle Earth Elementalist began the quest
                  | for the Orb.
     0 | D:1      | Reached XP level 1. HP: 10/10 MP: 3/3
   275 | D:1      | Reached skill level 1 in Transmutations
   361 | D:1      | Reached XP level 2. HP: 15/15 MP: 5/5
   701 | D:1      | Reached skill level 4 in Earth Magic
  1385 | D:2      | Reached XP level 3. HP: 19/19 MP: 2/6
  1430 | D:2      | Noticed Natasha
  1439 | D:2      | Killed Natasha
  1440 | D:2      | Reached XP level 4. HP: 24/24 MP: 3/8
  1681 | D:2      | You fall into a shaft and drop 1 floor!
  1692 | D:3      | Found a hide-covered altar of Uskayaw.
  1933 | D:2      | Noticed Natasha
  2122 | D:3      | Killed Natasha
  2123 | D:3      | Reached XP level 5. HP: 13/28 MP: 5/9
  2463 | D:2      | Found a snail-covered altar of Cheibriados.
  2624 | D:2      | Found a faded altar of an unknown god.
  2907 | D:3      | Reached skill level 5 in Earth Magic
  2920 | D:3      | Learned a level 2 spell: Passwall
  2924 | D:3      | Learned a level 3 spell: Stone Arrow
  3073 | D:3      | Noticed Natasha
  3082 | D:3      | Killed Natasha
  3497 | D:3      | Reached XP level 6. HP: 10/32 MP: 6/11
  4027 | D:4      | Reached skill level 6 in Earth Magic
  4352 | D:4      | Noticed Ijyb
  4975 | D:4      | Blown up by Ijyb

Illustrated notes

Levels and vault maps discovered:
D:1:      dpeg_arrival_short_road, layout_basic, serial_glass, glass_columns_c,
          glass_columns_b, supply_closet_lemuel
D:2:      layout_loops_cross, lemuel_coloured_pillars_altar,
          chequers_ecumenical_altar_lobes, uniq_natasha
D:3:      layout_rooms, eat_drink_and_be_merry_uskayaw, minmay_pentomino_pile
D:4:      minmay_spotlight, layout_basic, uniq_ijyb

Skill      XL: |  1  2  3  4  5  6 |
---------------+-------------------+-----
Transmutations | 1 2 |  2.3
Earth Magic    | 4 5 6 |  6.4
Spellcasting   | 3 4 |  4.4
Dodging        | |  1.5
Stealth        | |  2.1

Action                   |  1- 3 |  4- 6 || total
-------------------------+-------+-------++-------
Melee: Whip              |    61 |   113 ||   174
       Unarmed           |     1 |       ||     1
 Cast: Sandblast         |    23 |    86 ||   109
       Stone Arrow       |       |     3 ||     3
  Use: Scroll            |       |    12 ||    12
 Stab: Sleeping          |       |     3 ||     3
Armor: Robe              |    28 |    57 ||    85
Dodge: Dodged            |    54 |   108 ||   162
